 Dungeon Crawl Stone Soup version 0.31-a0-214-gb37851dbb3 (webtiles) character file.

Game seed: 11204543982294016814

81141 qw the Marksminotaur (level 15, -6/147 HPs)
             Began as a Minotaur Hexslinger on July 1, 2023.
             Was an Elder of Okawaru.
             Constricted to death by Jorgrun (11 damage)
             ... on level 15 of the Dungeon.
             The game lasted 00:08:02 (19448 turns).

qw the Marksminotaur (Minotaur Hexslinger)         Turns: 19448, Time: 00:08:02

Health: -6/147     AC: 13    Str: 13    XL:     15   Next: 25%
Magic:  16/21      EV: 26    Int: 12    God:    Okawaru [****..]
Gold:   1001       SH:  5    Dex: 20    Spells: 15/16 levels left

rFire   . . .        s - +1 longbow (flame)
rCold   . . .        (shield currently unavailable)
rNeg    . . .        h - +0 troll leather armour
rPois   .            j - +0 hat of the Shining Light {Fly Int+2}
rElec   .            m - +2 cloak
rCorr   .            t - +2 pair of gloves
SInv    +            (no boots)
Will    +....        u - amulet of reflection
Stlth   +++          d - ring of see invisible
HPRegen 1.24/turn    c - +5 ring of evasion
MPRegen 0.17/turn

%: reflection
@: about to teleport, heroic, finesse-ful, grasped by roots, flying, constricted
A: horns 2, retaliatory headbutt, MP-powered wands
a: Renounce Religion, Heroism, Finesse


You were on level 15 of the Dungeon.
You worshipped Okawaru.
Okawaru was greatly pleased with you.
You visited 3 branches of the dungeon, and saw 21 of its levels.

You collected 1469 gold pieces.
You spent 468 gold pieces at shops.


Innate Abilities, Weirdness & Mutations

You have a pair of horns on your head.
You reflexively headbutt those who attack you in melee.
You expend magic power (3 MP) to strengthen your wands.


   Skills:
 - Level 17.0(22.0) Fighting
 + Level 18.2(23.2) Ranged Weapons
 - Level 8.0(13.0) Armour
 - Level 13.0(18.0) Dodging
 - Level 1.0 Spellcasting
 - Level 2.0 Hexes
 - Level 10.0 Invocations


You had 15 spell levels left.
You knew the following spells:

 Your Spells              Type           Power      Damage    Failure   Level
a - Slow                  Hex            20%        N/A       16%         1

Your spell library contained the following spells:

 Spells                   Type           Power      Damage    Failure   Level
 Inner Flame              Hex/Fire       3%         N/A       56%         3
 Portal Projectile        Hex/Tloc       6%         N/A       56%         3
 Cause Fear               Hex            2%         N/A       83%         4

Inventory:

Hand Weapons
 s - a +1 longbow of flaming (weapon)
Armour
 h - a +0 troll leather armour (worn)
 j - the +0 hat of the Shining Light (worn) {Fly Int+2}
   (Okawaru gifted it to you on level 4 of the Lair of Beasts)

   Int:       It affects your intelligence (+2).
   Fly:       It grants you flight.
 m - a +2 cloak (worn)
 q - a +0 leather armour of fire resistance
 t - a +2 pair of gloves (worn)
Jewellery
 c - a +5 ring of evasion (right hand)
 d - a ring of see invisible (left hand)
 r - a +4 ring of protection
 u - an amulet of reflection (around neck)
Scrolls
 g - 10 scrolls of identify
 n - 4 scrolls of teleportation
Potions
 a - 7 potions of might
 b - 3 potions of haste
 e - 2 potions of mutation
 f - 5 potions of enlightenment
 i - 6 potions of curing
 k - 4 potions of resistance
 l - a potion of cancellation
 o - a potion of magic
 p - a potion of heal wounds

Dungeon Overview and Level Annotations

Branches:
Dungeon (15/15)            Temple (1/1) D:6            Lair (5/5) D:9
  Swamp (0/4) Lair:3        Snake (0/4) Lair:3        Slime (0/5) Lair:4
 Vaults (0/5) D:14
    Orc: D:9-12      Depths: D:15

Altars:
Ashenzari
Cheibriados
Dithmenos
Elyvilon
Fedhas
Gozag
Hepliaklqana
Kikubaaqudgha
Makhleb
Nemelex Xobeh
Okawaru
Qazlal
Ru
Sif Muna
Trog
Uskayaw
Vehumet
Wu Jian
Xom
Yredelemnul
Zin
The Shining One
Jiyva

Shops:
D:1 =   D:2 (   D:14 [[?

Annotations:
D:9 exclusions: orc and 2 orc wizards
D:15 Jorgrun


Message History

The brown ugly thing barely misses you. You furiously retaliate!
You headbutt the brown ugly thing! You shoot an arrow.
The arrow closely misses the brown ugly thing.
A skeletal warrior comes into view. It is wielding a +0 trident.
The grasping roots constrict you! The spriggan defender zombie hits you!
You shoot an arrow. The arrow hits the brown ugly thing!
The arrow burns the brown ugly thing.
The brown ugly thing is severely wounded.
You shoot an arrow.
The arrow closely misses the brown ugly thing.
The spriggan defender zombie misses you.
The brown ugly thing stings you.
You are splashed with acid!
You shoot an arrow.
The arrow closely misses the brown ugly thing.
Jorgrun casts a spell next to you.
The wall shatters!
The blast of rock fragments hits you! The grasping roots constrict you.
The flayed ghost hits the withered plant!
The withered plant begins to crumble.
You shoot an arrow. The arrow hits the brown ugly thing.
The arrow burns the brown ugly thing.
The brown ugly thing is almost dead.
You block the spriggan defender zombie's attack.
You shoot an arrow. The arrow hits the brown ugly thing!!
The arrow burns the brown ugly thing.
You kill the brown ugly thing!
Okawaru accepts your kill.
Jorgrun points next to you and mumbles some strange words.
The wall shatters!
The blast of rock fragments hits you!! The grasping roots constrict you!
The flayed ghost hits the withered plant!
You hear a shout!
19448 ||| READING 5 scrolls of teleportation.
As you read the scroll of teleportation, it crumbles to dust.
You feel strangely unstable. The spriggan defender zombie hits you!
The flayed ghost hits the withered plant!!
The grasping roots constrict you!
You die...

!... .........8.....
###. .........P..P..
..#+ ....P.z..8.....
#... ....8...8...8..
..#
#.....8.W8...88.# ##
#......8P....PP.#
....#
#........g......#
#.. .
#.....##Z@%......
#..
..##.....##..#....^#
### .........##..#
....# .........##..#
...# .............+
..# #######.~#+###
.. +...........# .
#......~....#
#.....~.~...#


You could see Jorgrun, a skeletal warrior, a flayed ghost and a spriggan
defender zombie.

Vanquished Creatures
  Frances (D:13)
  Nessos (D:15)
  4 hydras
  An ogre mage (D:14)
  5 boulder beetles
  3 catoblepae (Lair:5)
  6 two-headed ogres
  A death knight (D:14)
  Urug (D:11)
  8 death yaks (Lair:5)
  A deep elf knight (D:14)
  A skyshark (Lair:5)
  A skeletal warrior (D:14)
  A lindwurm (Lair:5)
  3 deep elf zephyrmancers (D:14)
  2 deep elf pyromancers
  A fire giant zombie (D:15)
  10 cyclopes
  13 ugly things
  An oklob plant (Lair:4)
  6 manticores
  17 elephants
  6 black mambas
  3 gargoyles
  12 cane toads
  A torpor snail (Lair:1)
  3 yaktaurs (D:14)
  An unseen horror (D:11)
  4 komodo dragons
  4 rime drakes
  A freezing wraith (D:14)
  An efreet (D:11)
  7 trolls
  3 meliai (D:14)
  11 blink frogs
  A hornet (D:9)
  2 polar bears (Lair:2)
  6 dream sheep (Lair:3)
  A spriggan (shapeshifter) (D:15)
  A centaur simulacrum (D:11)
  4 wyverns
  7 slime creatures
  65 yaks
  2 shadows (D:12)
  7 wraiths
  3 basilisks
  4 vampire mosquitoes (D:13)
  2 acid dragons
  A water moccasin (shapeshifter) (D:12)
  23 water moccasins
  A black bear (D:8)
  8 orc warriors
  An ice beast (D:5)
  A sky beast (D:6)
  A boggart (D:14)
  13 centaurs
  24 wolves
  5 ogres
  A phantom (D:5)
  6 kobold brigands
  13 bullfrogs
  4 gnoll sergeants
  3 scorpions
  3 wights (D:7)
  10 killer bees
  3 howler monkeys
  5 electric eels
  3 hounds
  An iron imp (D:5)
  6 jellies
  A gnoll bouda (D:9)
  10 orc priests
  A sleepcap (D:7)
  Jessica (D:2)
  6 iguanas
  16 orc wizards
  20 gnolls
  6 adders
  A shadow imp (D:6)
  2 white imps
  A worm (D:2)
  42 orcs
  13 endoplasms
  4 giant cockroaches
  9 hobgoblins
  9 jackals
  3 quokkas
  6 ball pythons
  3 bats
  5 frilled lizards
  11 goblins
  A hobgoblin zombie (D:5)
  21 kobolds
  2 kobold skeletons (D:5)
  2 kobold zombies (D:5)
  An orc skeleton (D:5)
  An orc zombie (D:5)
584 creatures vanquished.

Notes
Turn   | Place    | Note
-------+----------+-------------------------------------------
     0 | D:1      | qw the Minotaur Hexslinger began the quest for the Orb.
     0 | D:1      | Reached XP level 1. HP: 16/16 MP: 1/1
     0 | D:1      | 0 ||| qw: Version: 0.3-a-32-g5962c71
     0 | D:1      | 0 ||| qw: Game counter: 7610
     0 | D:1      | 0 ||| qw: Melee chars always use a shield: true
     0 | D:1      | 0 ||| qw: God list: Okawaru
     0 | D:1      | 0 ||| qw: Allow faded altars: false
     0 | D:1      | 0 ||| qw: Do Orc after clearing Dungeon:15 true
     0 | D:1      | 0 ||| qw: Do second Lair branch before Depths: true
     0 | D:1      | 0 ||| qw: Lair rune preference: random
     0 | D:1      | 0 ||| qw: Goals: Normal
     0 | D:1      | 0 ||| PLANNING D:1-11
   136 | D:1      | Reached skill level 3 in Ranged Weapons
   150 | D:1      | Reached XP level 2. HP: 23/23 MP: 2/2
   390 | D:1      | Found Cytad's Jewellery Shop.
   398 | D:1      | 398 ||| SHOPLISTING amulet "Pinyxego" {Faith rC+ Will+}
                  | (834 gold, have 40).
   398 | D:1      | 398 ||| SHOPLISTING ring "Ziuckaz" {Fire rPois Dex+3
                  | Stlth-} (575 gold, have 40).
   398 | D:1      | 398 ||| SHOPLISTING ring of resist corrosion (280 gold,
                  | have 40).
   398 | D:1      | 398 ||| SHOPLISTING ring of willpower (350 gold, have 40).
   536 | D:1      | Reached XP level 3. HP: 29/29 MP: 3/3
   950 | D:1      | 950 ||| READING scroll labelled OZUIQI LECISEANWO.
   955 | D:1      | 955 ||| READING scroll labelled YPAUTA DUHAIDD.
   956 | D:1      | 956 ||| READING scroll labelled USTEYM QETEUNK.
   957 | D:1      | 957 ||| READING scroll labelled JION WY MUEZ.
   958 | D:1      | 958 ||| READING scroll labelled COPPOSCHESATH.
   958 | D:1      | Identified a scroll of acquirement
   958 | D:1      | 958 ||| ACQUIRING +2 arbalest of electrocution
   958 | D:1      | Acquired a +2 arbalest of electrocution
   960 | D:1      | 960 ||| SWAPPING to +2 arbalest of electrocution.
   961 | D:1      | 961 ||| DROPPING +1 sling.
   962 | D:1      | 962 ||| DRINKING 4 emerald potions.
   963 | D:1      | 963 ||| DROPPING scroll of poison.
  1127 | D:2      | Reached skill level 4 in Ranged Weapons
  1192 | D:2      | HP: 7/29 [hobgoblin (2)]
  1212 | D:2      | 1212 ||| FLEEEEING.
  1213 | D:2      | 1213 ||| FLEEEEING.
  1217 | D:2      | 1217 ||| STAIRDANCE
  1280 | D:1      | 1280 ||| UPGRADING to amulet of guardian spirit.
  1285 | D:1      | 1285 ||| READING scroll labelled TOSADUN TAOM.
  1286 | D:1      | 1286 ||| READING scroll labelled HILAMAL QEFAJI.
  1287 | D:1      | 1287 ||| DRINKING 2 viscous golden potions.
  1379 | D:2      | Noticed Jessica
  1380 | D:2      | Killed Jessica
  1381 | D:2      | Reached XP level 4. HP: 36/36 MP: 4/4
  1393 | D:2      | Found Pimeyn's Weapon Boutique.
  1399 | D:2      | 1399 ||| SHOPLISTING +1 arbalest "Ypyimeust" {speed, rElec
                  | Will++ Str-5 Dex+4} (488 gold, have 71).
  1763 | D:2      | 1763 ||| UPGRADING to +0 leather armour.
  1773 | D:2      | 1773 ||| DROPPING +0 robe.
  1774 | D:2      | 1774 ||| DRINKING 3 golden potions.
  1867 | D:3      | Reached skill level 5 in Ranged Weapons
  1867 | D:3      | 1867 ||| DRINKING 2 potions of curing.
  1867 | D:3      | 1867 ||| (to cure confusion)
  1869 | D:3      | 1869 ||| DRINKING potion of curing.
  1869 | D:3      | 1869 ||| (to cure confusion)
  1873 | D:3      | Reached XP level 5. HP: 42/42 MP: 3/5
  1878 | D:3      | Noticed an orc warrior
  1889 | D:3      | Killed an orc warrior
  2048 | D:3      | Reached XP level 6. HP: 53/53 MP: 6/6
  2514 | D:3      | Found a faded altar of an unknown god.
  2551 | D:3      | 2551 ||| UPGRADING to ring of see invisible.
  2552 | D:3      | 2552 ||| DRINKING 2 smoky pink potions.
  2552 | D:3      | Gained mutation: You expend magic power (3 MP) to
                  | strengthen your wands. [potion of mutation]
  2576 | D:4      | Reached skill level 6 in Ranged Weapons
  2626 | D:4      | Found a broken altar of Ashenzari.
  2630 | D:4      | Found an ancient bone altar of Kikubaaqudgha.
  2765 | D:4      | Found a sparkling altar of Nemelex Xobeh.
  3188 | D:4      | Reached skill level 7 in Ranged Weapons
  3390 | D:4      | Reached XP level 7. HP: 59/60 MP: 7/7
  3865 | D:4      | 3865 ||| READING scroll labelled XOINOT TUAC.
  3869 | D:5      | Entered Level 5 of the Dungeon
  3907 | D:5      | 3907 ||| Stepping ~*~*~tactically~*~*~ (outnumbered).
  4065 | D:5      | Reached skill level 8 in Ranged Weapons
  4158 | D:5      | HP: 14/60 [white imp (4)]
  4159 | D:5      | 4159 ||| READING scroll of teleportation.
  4468 | D:5      | Found a glowing golden altar of the Shining One.
  4592 | D:5      | Reached skill level 3 in Dodging
  4743 | D:5      | 4743 ||| READING scroll labelled RISOOKOAPA.
  4744 | D:5      | 4744 ||| READING 2 scrolls labelled JOAN DYRAUGAUW.
  4835 | D:5      | 4835 ||| UPGRADING to +0 ring mail.
  4845 | D:5      | 4845 ||| DROPPING +0 leather armour.
  4846 | D:5      | 4846 ||| READING 3 scrolls of identify.
  4846 | D:5      | 4846 ||| IDENTIFYING glowing emerald potion
  4847 | D:5      | 4847 ||| READING 2 scrolls of identify.
  4847 | D:5      | 4847 ||| IDENTIFYING fizzy green potion
  4848 | D:5      | 4848 ||| DROPPING potion of degeneration.
  4849 | D:5      | 4849 ||| DROPPING scroll of torment.
  4887 | D:6      | Reached skill level 1 in Armour
  4978 | D:6      | 4978 ||| Stepping ~*~*~tactically~*~*~ (outnumbered).
  4980 | D:6      | 4980 ||| Stepping ~*~*~tactically~*~*~ (outnumbered).
  4982 | D:6      | 4982 ||| Stepping ~*~*~tactically~*~*~ (outnumbered).
  4988 | D:6      | Reached XP level 8. HP: 29/69 MP: 2/8
  5261 | D:6      | Reached skill level 9 in Ranged Weapons
  5297 | D:6      | 5297 ||| Stepping ~*~*~tactically~*~*~ (outnumbered).
  5300 | D:6      | Reached skill level 6 in Fighting
  5369 | D:6      | Found a staircase to the Ecumenical Temple.
  5370 | D:6      | 5370 ||| PLANNING TEMPLE
  5370 | D:6      | 5370 ||| UPGRADING to +1 pair of gloves.
  5375 | D:6      | 5375 ||| UPGRADING to +5 ring of evasion.
  5376 | D:6      | 5376 ||| DRINKING 2 glowing ruby potions.
  5377 | D:6      | 5377 ||| READING 3 scrolls of identify.
  5377 | D:6      | 5377 ||| IDENTIFYING bubbling black potion
  5378 | D:6      | 5378 ||| READING 2 scrolls of identify.
  5378 | D:6      | 5378 ||| IDENTIFYING silvery potion
  5379 | D:6      | 5379 ||| DROPPING potion of invisibility.
  5387 | Temple   | Entered the Ecumenical Temple
  5414 | Temple   | 5414 ||| PLANNING OKAWARU WORSHIP
  5475 | Temple   | Became a worshipper of Warmaster Okawaru
  5476 | Temple   | 5476 ||| PLANNING D:1-11
  5476 | Temple   | 5476 ||| REMOVING amulet of guardian spirit.
  5481 | Temple   | 5481 ||| DROPPING amulet of guardian spirit.
  5544 | D:6      | Found a sacrificial altar of Ru.
  5544 | D:6      | Found a shimmering blue altar of Sif Muna.
  5826 | D:7      | Found an opulent altar of Gozag.
  6014 | D:7      | Reached skill level 10 in Ranged Weapons
  6151 | D:7      | 6151 ||| Stepping ~*~*~tactically~*~*~ (outnumbered).
  6152 | D:7      | 6152 ||| Stepping ~*~*~tactically~*~*~ (outnumbered).
  6522 | D:7      | Reached XP level 9. HP: 72/79 MP: 9/9
  6560 | D:7      | Reached * piety under Okawaru
  6721 | D:7      | 6721 ||| UPGRADING to +2 pair of gloves.
  6731 | D:7      | 6731 ||| DROPPING +1 pair of gloves.
  6732 | D:7      | 6732 ||| UPGRADING to amulet of reflection.
  6737 | D:7      | 6737 ||| READING scroll labelled AFY EDYIRUKA.
  6738 | D:7      | 6738 ||| READING scroll labelled VAR QUGHYHUU.
  6739 | D:7      | 6739 ||| READING scroll labelled NAOMIMNAELU.
  6740 | D:7      | 6740 ||| DRINKING 2 red potions.
  6741 | D:7      | 6741 ||| READING 4 scrolls of identify.
  6741 | D:7      | 6741 ||| IDENTIFYING blue potion
  6742 | D:7      | 6742 ||| DROPPING potion of attraction.
  6743 | D:7      | 6743 ||| DROPPING potion of lignification.
  6791 | D:8      | Noticed a two-headed ogre
  6792 | D:8      | 6792 ||| INVOKING Heroism.
  6800 | D:8      | Killed a two-headed ogre
  6801 | D:8      | Reached skill level 6 in Dodging
  6842 | D:8      | Noticed a deep elf pyromancer
  6847 | D:8      | 6847 ||| INVOKING Heroism.
  6852 | D:8      | Killed a deep elf pyromancer
  6853 | D:8      | Reached skill level 11 in Ranged Weapons
  6854 | D:8      | Reached skill level 3 in Armour
  6854 | D:8      | 6854 ||| FLEEEEING.
  6855 | D:8      | 6855 ||| FLEEEEING.
  6856 | D:8      | 6856 ||| FLEEEEING.
  6857 | D:8      | 6857 ||| FLEEEEING.
  6858 | D:8      | 6858 ||| FLEEEEING.
  6859 | D:8      | 6859 ||| FLEEEEING.
  6860 | D:8      | 6860 ||| FLEEEEING.
  6861 | D:8      | 6861 ||| FLEEEEING.
  6862 | D:8      | 6862 ||| FLEEEEING.
  6863 | D:8      | 6863 ||| FLEEEEING.
  6864 | D:8      | 6864 ||| FLEEEEING.
  6865 | D:8      | 6865 ||| FLEEEEING.
  6866 | D:8      | 6866 ||| FLEEEEING.
  6867 | D:8      | 6867 ||| FLEEEEING.
  6868 | D:8      | 6868 ||| FLEEEEING.
  6869 | D:8      | 6869 ||| FLEEEEING.
  6870 | D:8      | 6870 ||| FLEEEEING.
  6871 | D:8      | 6871 ||| FLEEEEING.
  6872 | D:8      | 6872 ||| FLEEEEING.
  6873 | D:8      | 6873 ||| FLEEEEING.
  6874 | D:8      | 6874 ||| FLEEEEING.
  6875 | D:8      | 6875 ||| STAIRDANCE
  7023 | D:8      | Found a stormy altar of Qazlal.
  7033 | D:8      | Reached skill level 3 in Invocations
  7078 | D:8      | 7078 ||| INVOKING Heroism.
  7086 | D:8      | Reached ** piety under Okawaru
  7256 | D:8      | Found a bloodstained altar of Trog.
  7257 | D:8      | 7257 ||| INVOKING Heroism.
  7335 | D:8      | 7335 ||| READING 3 scrolls of identify.
  7335 | D:8      | 7335 ||| IDENTIFYING metallic silvery potion
  7336 | D:8      | 7336 ||| DROPPING potion of berserk rage.
  7365 | D:9      | 7365 ||| STAIRDANCE
  7369 | D:8      | 7369 ||| INVOKING Heroism.
  7526 | D:9      | Found a staircase to the Lair.
  7583 | D:9      | Noticed a two-headed ogre
  7584 | D:9      | 7584 ||| INVOKING Heroism.
  7587 | D:9      | Killed a two-headed ogre
  7588 | D:9      | Reached skill level 12 in Ranged Weapons
  7588 | D:9      | Reached XP level 10. HP: 86/86 MP: 9/12
  7708 | D:9      | 7708 ||| DROPPING +1 pair of gloves.
  7713 | D:9      | 7713 ||| INVOKING Heroism.
  7746 | D:9      | 7746 ||| INVOKING Heroism.
  7886 | D:9      | Reached skill level 13 in Ranged Weapons
  7893 | D:9      | 7893 ||| INVOKING Heroism.
  8123 | D:9      | Found an ornate altar of the Wu Jian Council.
  8191 | D:9      | Reached skill level 9 in Fighting
  8240 | D:9      | 8240 ||| INVOKING Heroism.
  8263 | D:9      | You fall into a shaft and drop 1 floor!
  8263 | D:10     | Entered Level 10 of the Dungeon
  8337 | D:10     | Reached *** piety under Okawaru
  8346 | D:10     | 8346 ||| INVOKING Heroism.
  8355 | D:10     | Reached skill level 14 in Ranged Weapons
  8498 | D:10     | 8498 ||| UPGRADING to +0 cloak.
  8503 | D:10     | 8503 ||| READING 2 scrolls of identify.
  8503 | D:10     | 8503 ||| IDENTIFYING yellow potion
  8504 | D:10     | 8504 ||| DROPPING potion of brilliance.
  8545 | D:9      | 8545 ||| INVOKING Heroism.
  8634 | D:9      | 8634 ||| INVOKING Heroism.
  8649 | D:9      | 8649 ||| INVOKING Heroism.
  8673 | D:9      | 8673 ||| INVOKING Heroism.
  8677 | D:9      | Reached XP level 11. HP: 92/97 MP: 10/13
  8774 | D:9      | 8774 ||| PLANNING LAIR
  8774 | D:9      | 8774 ||| DROPPING ring of magical power.
  8787 | Lair:1   | Entered Level 1 of the Lair of Beasts
  8788 | Lair:1   | 8788 ||| INVOKING Heroism.
  8904 | Lair:1   | 8904 ||| INVOKING Heroism.
  9017 | Lair:1   | 9017 ||| INVOKING Heroism.
  9195 | Lair:1   | 9195 ||| INVOKING Heroism.
  9200 | Lair:1   | Reached skill level 15 in Ranged Weapons
  9214 | Lair:1   | 9214 ||| INVOKING Heroism.
  9294 | Lair:1   | 9294 ||| INVOKING Heroism.
  9479 | Lair:1   | Reached **** piety under Okawaru
  9481 | Lair:1   | 9481 ||| INVOKING Heroism.
  9573 | Lair:1   | 9573 ||| DROPPING ring of wizardry.
  9574 | Lair:1   | 9574 ||| READING scroll labelled JURHUUCK DIGUC.
  9620 | Lair:2   | 9620 ||| INVOKING Heroism.
  9628 | Lair:2   | Reached skill level 16 in Ranged Weapons
  9729 | Lair:2   | 9729 ||| INVOKING Heroism.
  9889 | Lair:2   | 9889 ||| INVOKING Heroism.
  9930 | Lair:2   | 9930 ||| INVOKING Heroism.
  9936 | Lair:2   | Reached XP level 12. HP: 100/110 MP: 12/15
  9939 | Lair:2   | Reached skill level 6 in Invocations
 10022 | Lair:2   | 10022 ||| INVOKING Heroism.
 10153 | Lair:2   | 10153 ||| INVOKING Heroism.
 10376 | Lair:2   | 10376 ||| INVOKING Heroism.
 10704 | Lair:2   | 10704 ||| DROPPING ring of positive energy.
 10705 | Lair:2   | 10705 ||| DROPPING ring of resist corrosion.
 10706 | Lair:2   | 10706 ||| DROPPING ring of ice.
 10707 | Lair:2   | 10707 ||| READING scroll labelled IFEGOS BALO.
 10794 | Lair:3   | Found a staircase to the Snake Pit.
 10800 | Lair:3   | 10800 ||| INVOKING Heroism.
 10821 | Lair:3   | 10821 ||| INVOKING Heroism.
 10941 | Lair:3   | Noticed a seven-headed hydra
 10942 | Lair:3   | 10942 ||| INVOKING Heroism.
 10948 | Lair:3   | Killed a seven-headed hydra
 11062 | Lair:3   | 11062 ||| INVOKING Heroism.
 11066 | Lair:3   | HP: 23/110 [yak (37)]
 11067 | Lair:3   | 11067 ||| READING 6 scrolls of teleportation.
 11068 | Lair:3   | 11068 ||| DRINKING potion of heal wounds.
 11274 | Lair:3   | 11274 ||| FLEEEEING.
 11340 | Lair:3   | Reached ***** piety under Okawaru
 11412 | Lair:3   | Found a staircase to the Swamp.
 11463 | Lair:3   | Reached skill level 17 in Ranged Weapons
 11676 | Lair:3   | Found a shimmering altar of Xom.
 11775 | Lair:3   | 11775 ||| DROPPING amulet of the acrobat.
 11810 | Lair:4   | Noticed a boulder beetle
 11811 | Lair:4   | 11811 ||| STAIRDANCE
 11907 | Lair:4   | 11907 ||| STAIRDANCE
 11909 | Lair:3   | 11909 ||| INVOKING Heroism.
 11910 | Lair:3   | 11910 ||| INVOKING Finesse.
 11918 | Lair:3   | Killed a boulder beetle
 11919 | Lair:3   | Reached skill level 9 in Invocations
 12033 | Lair:4   | Reached skill level 6 in Armour
 12104 | Lair:4   | 12104 ||| READING scroll of enchant weapon.
 12104 | Lair:4   | 12104 ||| ENCHANTING +3 arbalest of draining.
 12108 | Lair:4   | Noticed a six-headed hydra
 12109 | Lair:4   | 12109 ||| INVOKING Heroism.
 12112 | Lair:4   | Killed a six-headed hydra
 12172 | Lair:4   | 12172 ||| INVOKING Heroism.
 12173 | Lair:4   | 12173 ||| INVOKING Finesse.
 12261 | Lair:4   | 12261 ||| INVOKING Heroism.
 12264 | Lair:4   | Reached XP level 13. HP: 43/116 MP: 16/19
 12272 | Lair:4   | HP: 23/116 [elephant (9)]
 12273 | Lair:4   | 12273 ||| READING 5 scrolls of teleportation.
 12278 | Lair:4   | 12278 ||| STAIRDANCE
 12278 | Lair:4   | You fall into a shaft and drop 1 floor!
 12278 | Lair:5   | Entered Level 5 of the Lair of Beasts
 12279 | Lair:5   | 12279 ||| FLEEEEING.
 12280 | Lair:5   | 12280 ||| FLEEEEING.
 12281 | Lair:5   | 12281 ||| FLEEEEING.
 12282 | Lair:5   | 12282 ||| STAIRDANCE
 12593 | Lair:4   | Found a viscous altar of Jiyva.
 12594 | Lair:4   | Found a staircase to the Slime Pits.
 12741 | Lair:4   | Identified the +0 hat of the Shining Light {Fly Int+2}
                  | (Okawaru gifted it to you on level 4 of the Lair of Beasts)
 12741 | Lair:4   | Received a gift from Okawaru
 12756 | Lair:4   | 12756 ||| INVOKING Heroism.
 12973 | Lair:4   | Reached skill level 18 in Ranged Weapons
 13418 | Lair:4   | 13418 ||| UPGRADING to +0 hat of the Shining Light {Fly
                  | Int+2}.
 13423 | Lair:4   | 13423 ||| DRINKING 2 brown potions.
 13424 | Lair:4   | 13424 ||| DRINKING 3 potions of curing.
 13424 | Lair:4   | 13424 ||| (to cure confusion)
 13425 | Lair:4   | 13425 ||| READING 2 scrolls of identify.
 13425 | Lair:4   | 13425 ||| IDENTIFYING amethyst potion
 13426 | Lair:4   | 13426 ||| DROPPING potion of ambrosia.
 13478 | Lair:5   | 13478 ||| INVOKING Heroism.
 13485 | Lair:5   | Reached skill level 12 in Fighting
 13566 | Lair:5   | 13566 ||| INVOKING Heroism.
 13710 | Lair:5   | 13710 ||| INVOKING Heroism.
 13749 | Lair:5   | 13749 ||| INVOKING Heroism.
 13913 | Lair:5   | 13913 ||| INVOKING Heroism.
 13971 | Lair:5   | 13971 ||| INVOKING Heroism.
 14063 | Lair:5   | 14063 ||| INVOKING Heroism.
 14066 | Lair:5   | 14066 ||| Stepping ~*~*~tactically~*~*~ (cloud).
 14067 | Lair:5   | 14067 ||| Stepping ~*~*~tactically~*~*~ (cloud).
 14096 | Lair:5   | 14096 ||| Stepping ~*~*~tactically~*~*~ (cloud).
 14099 | Lair:5   | 14099 ||| Stepping ~*~*~tactically~*~*~ (cloud).
 14121 | Lair:5   | 14121 ||| INVOKING Heroism.
 14127 | Lair:5   | Reached skill level 9 in Dodging
 14140 | Lair:5   | 14140 ||| INVOKING Finesse.
 14161 | Lair:5   | HP: 30/123 [yak (8)]
 14162 | Lair:5   | 14162 ||| READING 4 scrolls of teleportation.
 14163 | Lair:5   | 14163 ||| DRINKING potion of heal wounds.
 14165 | Lair:5   | HP: 12/123 [death yak (7)]
 14170 | Lair:5   | 14170 ||| READING 3 scrolls of teleportation.
 14174 | Lair:5   | Reached XP level 14. HP: 15/132 MP: 17/20
 14637 | Lair:5   | 14637 ||| INVOKING Heroism.
 14638 | Lair:5   | 14638 ||| INVOKING Finesse.
 14657 | Lair:5   | HP: 29/132 [manticore (8)]
 14658 | Lair:5   | 14658 ||| READING 2 scrolls of teleportation.
 14660 | Lair:5   | 14660 ||| Stepping ~*~*~tactically~*~*~ (cloud).
 14661 | Lair:5   | 14661 ||| Stepping ~*~*~tactically~*~*~ (cloud).
 14963 | Lair:5   | 14963 ||| INVOKING Heroism.
 14964 | Lair:5   | 14964 ||| INVOKING Finesse.
 14966 | Lair:5   | 14966 ||| Stepping ~*~*~tactically~*~*~ (cloud).
 15076 | Lair:5   | 15076 ||| INVOKING Heroism.
 15108 | Lair:5   | 15108 ||| PLANNING D:1-11
 15378 | D:10     | 15378 ||| READING scroll of brand weapon.
 15378 | D:10     | 15378 ||| BRANDING +4 arbalest of draining.
 15561 | D:10     | 15561 ||| DROPPING +4 ring of slaying {mikee}.
 15771 | D:11     | 15771 ||| READING scroll of enchant armour.
 15771 | D:11     | 15771 ||| ENCHANTING +0 cloak.
 15906 | D:11     | Noticed Urug
 15907 | D:11     | 15907 ||| INVOKING Heroism.
 15910 | D:11     | Killed Urug
 16012 | D:11     | 16012 ||| INVOKING Heroism.
 16187 | D:11     | 16187 ||| Stepping ~*~*~tactically~*~*~ (outnumbered).
 16190 | D:11     | 16190 ||| Stepping ~*~*~tactically~*~*~ (outnumbered).
 16229 | D:11     | 16229 ||| INVOKING Heroism.
 16237 | D:11     | 16237 ||| FLEEEEING.
 16243 | D:11     | 16243 ||| FLEEEEING.
 16244 | D:11     | 16244 ||| FLEEEEING.
 16245 | D:11     | 16245 ||| FLEEEEING.
 16246 | D:11     | 16246 ||| FLEEEEING.
 16247 | D:11     | 16247 ||| FLEEEEING.
 16248 | D:11     | 16248 ||| FLEEEEING.
 16249 | D:11     | 16249 ||| FLEEEEING.
 16250 | D:11     | 16250 ||| FLEEEEING.
 16253 | D:11     | 16253 ||| STAIRDANCE
 16435 | D:10     | 16435 ||| UPGRADING to +0 troll leather armour.
 16445 | D:10     | 16445 ||| DROPPING +0 ring mail.
 16605 | D:11     | 16605 ||| Stepping ~*~*~tactically~*~*~ (outnumbered).
 16607 | D:11     | 16607 ||| Stepping ~*~*~tactically~*~*~ (outnumbered).
 16609 | D:11     | 16609 ||| Stepping ~*~*~tactically~*~*~ (outnumbered).
 16611 | D:11     | 16611 ||| Stepping ~*~*~tactically~*~*~ (outnumbered).
 16618 | D:11     | 16618 ||| Stepping ~*~*~tactically~*~*~ (outnumbered).
 16845 | D:11     | 16845 ||| PLANNING D
 17029 | D:12     | 17029 ||| INVOKING Heroism.
 17030 | D:12     | 17030 ||| INVOKING Finesse.
 17051 | D:12     | Reached skill level 15 in Fighting
 17182 | D:12     | 17182 ||| FLEEEEING.
 17183 | D:12     | 17183 ||| FLEEEEING.
 17372 | D:12     | 17372 ||| READING scroll of enchant weapon.
 17372 | D:12     | 17372 ||| ENCHANTING +4 arbalest of electrocution.
 17465 | D:12     | 17465 ||| INVOKING Heroism.
 17466 | D:12     | 17466 ||| INVOKING Finesse.
 17854 | D:13     | 17854 ||| INVOKING Heroism.
 17855 | D:13     | 17855 ||| INVOKING Finesse.
 17942 | D:13     | Noticed Frances
 17943 | D:13     | 17943 ||| INVOKING Heroism.
 17944 | D:13     | 17944 ||| INVOKING Finesse.
 17950 | D:13     | Killed Frances
 18241 | D:13     | Reached skill level 12 in Dodging
 18251 | D:13     | 18251 ||| READING scroll of enchant armour.
 18251 | D:13     | 18251 ||| ENCHANTING +1 cloak.
 18300 | D:13     | 18300 ||| READING 8 scrolls of identify.
 18300 | D:13     | 18300 ||| IDENTIFYING viscous sapphire potion
 18323 | D:14     | 18323 ||| PLANNING GAUNTLET
 18325 | D:14     | 18325 ||| INVOKING Heroism.
 18343 | D:14     | 18343 ||| FLEEEEING.
 18344 | D:14     | 18344 ||| STAIRDANCE
 18431 | D:14     | 18431 ||| INVOKING Heroism.
 18444 | D:14     | 18444 ||| Stepping ~*~*~tactically~*~*~ (outnumbered).
 18445 | D:14     | 18445 ||| Stepping ~*~*~tactically~*~*~ (outnumbered).
 18447 | D:14     | 18447 ||| Stepping ~*~*~tactically~*~*~ (outnumbered).
 18462 | D:14     | 18462 ||| INVOKING Finesse.
 18469 | D:14     | Received a gift from Okawaru
 18511 | D:14     | Reached XP level 15. HP: 115/146 MP: 21/21
 18691 | D:14     | Found Acuhuipn's Magic Scroll Shop.
 18694 | D:14     | 18694 ||| BUYING scroll of identify (30 gold).
 18694 | D:14     | Bought a scroll of identify for 30 gold pieces
 18694 | D:14     | 18694 ||| BUYING scroll of teleportation (45 gold).
 18694 | D:14     | Bought a scroll of teleportation for 45 gold pieces
 18694 | D:14     | 18694 ||| BUYING scroll of teleportation (45 gold).
 18694 | D:14     | Bought a scroll of teleportation for 45 gold pieces
 18766 | D:14     | Found a gate to the Vaults.
 18890 | D:14     | 18890 ||| RIP GAUNTLET
 18891 | D:14     | 18891 ||| PLANNING D
 18891 | D:14     | 18891 ||| INVOKING Heroism.
 18892 | D:14     | 18892 ||| Stepping ~*~*~tactically~*~*~ (outnumbered).
 18893 | D:14     | 18893 ||| Stepping ~*~*~tactically~*~*~ (outnumbered).
 18918 | D:14     | Found Vaz Qirch's Armour Shoppe.
 19069 | D:14     | 19069 ||| INVOKING Heroism.
 19118 | D:14     | Found Funul's Antique Armour Shop.
 19121 | D:14     | 19121 ||| BUYING glowing leather armour (145 gold).
 19121 | D:14     | Bought a glowing leather armour for 145 gold pieces
 19121 | D:14     | 19121 ||| BUYING shiny ring mail (203 gold).
 19121 | D:14     | Bought a shiny ring mail for 203 gold pieces
 19224 | D:14     | 19224 ||| DROPPING +2 ring mail of cold resistance.
 19244 | D:15     | Entered Level 15 of the Dungeon
 19306 | D:15     | Noticed Nessos
 19307 | D:15     | 19307 ||| INVOKING Finesse.
 19309 | D:15     | Killed Nessos
 19342 | D:15     | 19342 ||| SWAPPING to +1 longbow of flaming.
 19343 | D:15     | 19343 ||| DROPPING +5 arbalest of electrocution.
 19421 | D:15     | Noticed Jorgrun
 19422 | D:15     | 19422 ||| INVOKING Heroism.
 19423 | D:15     | 19423 ||| INVOKING Finesse.
 19447 | D:15     | HP: 27/147 [Jorgrun/blast of rock fragments (31)]
 19448 | D:15     | 19448 ||| READING 5 scrolls of teleportation.
 19448 | D:15     | HP: 5/147 [spriggan defender zombie (10)]
 19448 | D:15     | Constricted to death by Jorgrun

Levels and vault maps discovered:
D:1:      matt_arrival_refuge, layout_basic, serial_shops, nicolae_shop_crystal
D:2:      layout_basic, serial_shops, shop, uniq_jessica
D:3:      layout_loops_ring, dilly_ecumenical_altar_fadedgnrine,
          minmay_misc_feat_hallway
D:4:      layout_layer_cave, mainiacjoe_overflow_alcove_2, old_standard_altar,
          lemuel_crystal_altar, kennysheep_generic_room_15
D:5:      layout_basic, nicolae_tso_besieged_by_evil
D:6:      layout_rooms, gammafunk_temple_overflow_pools,
          minmay_temple_entry_glass
D:7:      layout_loops_corners, grunt_gozag_statues, david_defended_altar_orc
D:8:      layout_rooms, trog_butcher_becter, general_overflow_altar
D:9:      layout_roguey, mainiacjoe_overflow_small_starburst, lair_entry_dummy,
          erik_orc_2, grunt_ministairs_12, nicolae_wwwww
D:10:     layout_cave_pools, minivault_27
D:11:     hangedman_cross_stitches, layout_stronghold, serial_bayou_ford_a,
          uniq_urug
D:12:     minmay_slanted_spiral_squares, layout_irregular_city
D:13:     layout_roguey, uniq_frances
D:14:     layout_roguey, hangedman_vaults_entry_quadrant_bands,
          gauntlet_entry_generic, nicolae_lava_and_water, serial_shops,
          nicolae_shop_just_a_little_nook, nicolae_shop_tiny_real_fake_doors,
          nicolae_shop_rolled_up
D:15:     gammafunk_depths_entry_grave, layout_stronghold,
          chequers_serial_rivers_micro_c, eat_drink_and_be_merry_uskayaw,
          uniq_agnes, uniq_jorgrun, uniq_kirke, uniq_nessos
Temple:   nicolae_temple_hex_pool
Lair:1:   layout_concentric_octagons
Lair:2:   layout_long_grid, gammafunk_lair_bear_cave
Lair:3:   layout_big_grid, swamp_mist_pool, minmay_snake_entry_six_corridors,
          lemuel_centaur_altar
Lair:4:   layout_regular_city, nicolae_slime_entry_slimehenge,
          serial_bayou_shore_b, grunt_megastairs_4, serial_bayou_shore_b
Lair:5:   evilmike_catoblepas_cave, layout_gridlike, lemuel_fruit_tree

Skill      XL: |  1  2  3  4  5  6  7  8  9 10 11 12 13 14 15 |
---------------+----------------------------------------------+-----
Ranged Weapons | 3 4 5 7 8 10 12 14 16 17 18 | 18.2
Fighting       | 2 4 5 7 9 11 14 16 17 | 17.0
Dodging        | 3 6 7 9 12 13 | 13.0
Armour         | 1 2 3 4 5 6 7 8 |  8.0
Invocations    | 4 5 9 10 | 10.0
Spellcasting   | |  1.0
Hexes          | |  2.0

Action                     |  1- 3 |  4- 6 |  7- 9 | 10-12 | 13-15 || total
---------------------------+-------+-------+-------+-------+-------++-------
   Fire: Sling             |    59 |       |       |       |       ||    59
         Arbalest          |    41 |    77 |   249 |   512 |   701 ||  1580
         Longbow           |       |       |       |       |    40 ||    40
 Invoke: Heroism           |       |       |     6 |    31 |    24 ||    61
         Finesse           |       |       |       |     2 |    10 ||    12
    Use: Scroll            |     7 |       |    13 |     5 |    11 ||    36
         Potion            |     2 |     4 |     2 |     1 |     3 ||    12
 Armour: Robe              |     8 |       |       |       |       ||     8
         Leather armour    |       |     5 |     6 |       |       ||    11
         Ring mail         |       |       |    30 |    84 |    80 ||   194
         Troll leather arm |       |       |       |       |    13 ||    13
  Dodge: Dodged            |    40 |    18 |   166 |   373 |   387 ||   984
  Block: Other             |       |       |    21 |   107 |    90 ||   218
         Reflection        |       |       |       |     6 |     4 ||    10

Table legend:
 A = Non-vault XP
 B = Vault XP
 C = Vault XP percentage of total XP
 D = Non-vault monster count
 E = Vault monster count
 F = Vault count percentage of total count
                 A         B        C        D         E       F
            +---------+---------+-------+---------+---------+-------
      Total |   81437 |   34479 |  29.7 |     442 |     142 |  24.3
            +---------+---------+-------+---------+---------+-------
        D:1 |      45 |       0 |   0.0 |      27 |       0 |   0.0
        D:2 |      48 |      37 |  43.5 |      25 |       1 |   3.8
        D:3 |     318 |       0 |   0.0 |      13 |       0 |   0.0
        D:4 |     297 |      14 |   4.5 |      18 |       2 |  10.0
        D:5 |     465 |      50 |   9.7 |      14 |       8 |  36.4
        D:6 |     718 |       0 |   0.0 |      16 |       0 |   0.0
        D:7 |     802 |     123 |  13.3 |      17 |       3 |  15.0
        D:8 |    1996 |     453 |  18.5 |      22 |      10 |  31.2
        D:9 |    3580 |     812 |  18.5 |      32 |      25 |  43.9
       D:10 |    1559 |       0 |   0.0 |      22 |       0 |   0.0
       D:11 |    5090 |    3348 |  39.7 |      23 |      11 |  32.4
       D:12 |    7851 |    3391 |  30.2 |      19 |      10 |  34.5
       D:13 |    4399 |    1587 |  26.5 |      12 |       1 |   7.7
       D:14 |    9719 |    6060 |  38.4 |      23 |      18 |  43.9
       D:15 |    3085 |    1532 |  33.2 |       6 |       2 |  25.0
     Lair:1 |    7077 |       0 |   0.0 |      36 |       0 |   0.0
     Lair:2 |    6542 |     612 |   8.6 |      31 |       3 |   8.8
     Lair:3 |    6697 |    2239 |  25.1 |      22 |      12 |  35.3
     Lair:4 |    8789 |    2153 |  19.7 |      24 |      13 |  35.1
     Lair:5 |   12360 |   12068 |  49.4 |      40 |      23 |  36.5
            +---------+---------+-------+---------+---------+-------
